 Dungeon Crawl Stone Soup version 0.23.2-40-g277498a001 (webtiles) character file.

Game seed: 9864030752255186545

6362 Sennar25 the Spear-Bearer (level 11, -4/81 HPs)
             Began as a Formicid Fighter on Oct 5, 2019.
             Was an Elder of Okawaru.
             Killed from afar by an electric eel (12 damage)
             ... with a bolt of electricity
             ... on level 9 of the Dungeon on Oct 7, 2019.
             The game lasted 01:15:58 (9675 turns).

Sennar25 the Spear-Bearer (Formicid Fighter)        Turns: 9675, Time: 01:15:59

Health: -4/81      AC: 14    Str: 23    XL:     11   Next: 17%
Magic:  11/11      EV:  6    Int:  9    God:    Okawaru [****..]
Gold:   408        SH: 11    Dex: 10    Spells: 10/10 levels left

rFire    . . .     SeeInvis +   a - +1 trident (flame)
rCold    + . .     Gourm    .   c - +0 shield
rNeg     . . .     Faith    .   d - +0 plate armour
rPois    +         Spirit   .   (helmet unavailable)
rElec    .         Reflect  .   t - +0 cloak
rCorr    .         Harm     .   (no gloves)
MR       ++...                  (no boots)
Stlth    ..........             r - amulet of magic regeneration
HPRegen  0.23/turn              b - ring of protection from cold
MPRegen  0.37/turn              s - ring of protection from magic

@: no status effects
A: permanent stasis, dig shafts and tunnels, four strong arms, antennae 3,
hooves 1, poison resistance, shaggy fur 1
a: Dig, Shaft Self, Heroism, Renounce Religion


You were on level 9 of the Dungeon.
You worshipped Okawaru.
Okawaru was greatly pleased with you.
You were not hungry.

You visited 2 branches of the dungeon, and saw 10 of its levels.

You collected 408 gold pieces.

Inventory:

Hand Weapons
 a - a +1 trident of flaming (weapon)
Missiles
 e - 231 stones
 w - 6 tomahawks (quivered)
Armour
 c - a +0 shield (worn)
 d - a +0 plate armour (worn)
 t - a +0 cloak (worn)
Jewellery
 b - a ring of protection from cold (left hand)
 g - an uncursed ring of protection from magic
 k - an uncursed ring of ice
 r - an amulet of magic regeneration (around neck)
 s - a ring of protection from magic (right hand)
Wands
 C - a wand of paralysis (12)
 D - a wand of iceblast (11)
Scrolls
 h - 5 scrolls of remove curse
 j - a scroll of acquirement {unknown}
 l - 2 scrolls of enchant weapon
 o - a scroll of amnesia {unknown}
 q - 2 scrolls of identify
 y - 3 scrolls of immolation
 A - a scroll of fog
 G - a scroll of fear {unknown}
Potions
 i - a potion of invisibility {unknown}
 m - 4 potions of curing
 n - a potion of mutation
 p - 2 potions of degeneration {unknown}
 u - a potion of flight
 v - a potion of resistance {unknown}
 x - a potion of ambrosia {unknown}
 z - 2 potions of brilliance
 B - a potion of heal wounds {unknown}
 E - a potion of lignification {unknown}
Comestibles
 f - 19 rations
 F - 2 chunks of flesh


   Skills:
 + Level 6.0 Fighting
 * Level 13.0 Polearms
 + Level 5.9 Armour
 - Level 9.0 Shields


You had 10 spell levels left.
You didn't know any spells.
Your spell library was empty.

Dungeon Overview and Level Annotations

Branches:
Dungeon (9/15)             Temple (1/1) D:6            Lair (0/6) D:9
    Orc: D:9-12

Altars:
Ashenzari
Cheibriados
Dithmenos
Elyvilon
Fedhas
Gozag
Hepliaklqana
Kikubaaqudgha
Makhleb
Okawaru
Qazlal
Ru
Sif Muna
Trog
Uskayaw
Vehumet
Wu Jian
Xom
Yredelemnul
Zin
The Shining One


Innate Abilities, Weirdness & Mutations

You cannot be hasted, slowed, berserked, paralysed or teleported.
You can dig through walls and to a lower floor.
Your four strong arms can wield two-handed weapons with a shield.
You have a pair of large antennae on your head. (SInv)
You have large cloven feet.
Your system is resistant to poisons. (rPois)
You are covered in fur. (AC +1)


Message History

The electric eel shoots out a bolt of lightning at you!
The bolt of electricity hits you.
The electric eel shoots out a bolt of lightning at you!
The bolt of electricity hits you!
* * * LOW HITPOINT WARNING * * *
The electric eel shoots out a bolt of lightning at you!
The bolt of electricity hits you.
* * * LOW HITPOINT WARNING * * *
The electric eel shoots out a bolt of lightning at you!
The bolt of electricity hits you.
* * * LOW HITPOINT WARNING * * *
The electric eel shoots out a bolt of lightning at you!
The bolt of electricity hits you but does no damage.
You feel like a meek peon again.
The electric eel shoots out a bolt of lightning at you!
The bolt of electricity hits you!
* * * LOW HITPOINT WARNING * * *
The electric eel shoots out a bolt of lightning at you!
The bolt of electricity hits you!
You die...

..................≈≈≈≈≈≈.≈....
..................≈≈≈≈≈≈≈≈≈≈.≈
...######## #......≈≈≈≈(≈≈≈≈≈≈
...##########........h.;≈≈≈≈≈≈
...................≈≈..≈≈≈≈≈≈≈
...<..............≈.≈.†..≈≈≈≈≈
..........................;≈≈≈
..................##########..
................@.#
..................##########..
..............................
.................÷###########.
..................#######
.............(...........
.........................
...#####................. ...#
#...........######


You could see a hound and an electric eel.

Vanquished Creatures
  A hydra (D:8)
  An unseen horror (D:8)
  Pikel (D:6)
  Prince Ribbit (D:6)
  2 dream sheep (D:8)
  A hippogriff (D:9)
  2 yaks (D:8)
  A wyvern (D:8)
  A water moccasin (D:8)
  A phantom (D:6)
  2 ice beasts
  A sky beast (D:6)
  5 ogres
  3 wolves (D:9)
  2 centaurs
  3 bullfrogs (D:6)
  3 big kobolds (D:8)
  A scorpion (D:6)
  4 wights (D:6)
  3 howler monkeys
  2 electric eels (D:9)
  3 crimson imps
  A centaur skeleton (D:7)
  7 hounds
  4 orc priests
  3 jellies
  6 orc wizards
  A bullfrog skeleton (D:8)
  13 worker ants
  Natasha (D:3)
  4 iguanas
  A killer bee zombie (D:7)
  A howler monkey zombie (D:5)
  11 adders
  4 gnolls (D:5)
  An ooze (D:6)
  An adder zombie (D:5)
  An adder skeleton (D:4)
  2 dart slugs
  5 leopard geckos
  23 orcs
  8 bats
  3 giant cockroaches
  6 goblins
  15 hobgoblins
  6 jackals
  2 quokkas (D:6)
  2 ball pythons
  7 frilled lizards
  A jackal skeleton (D:6)
  7 kobolds
  A leopard gecko skeleton (D:4)
  A quokka skeleton (D:7)
  3 rats
196 creatures vanquished.

Vanquished Creatures (others)
  A slave (D:6)
  A jelly (D:6)
  A bush (D:6)
3 creatures vanquished.

Grand Total: 199 creatures vanquished

Notes
Turn   | Place    | Note
-------+----------+-------------------------------------------
     0 | D:1      | Sennar25 the Formicid Fighter began the quest for the Orb.
     0 | D:1      | Reached XP level 1. HP: 18/18 MP: 1/1
   202 | D:1      | Reached XP level 2. HP: 24/24 MP: 2/2
   396 | D:1      | Reached XP level 3. HP: 28/29 MP: 3/3
   877 | D:2      | Reached skill level 3 in Polearms
  1501 | D:2      | Found a hazy altar of Hepliaklqana.
  1620 | D:2      | Reached XP level 4. HP: 14/35 MP: 4/4
  2569 | D:3      | Reached skill level 4 in Polearms
  2569 | D:3      | Reached XP level 5. HP: 41/41 MP: 5/5
  2785 | D:3      | Noticed Natasha
  2792 | D:3      | Killed Natasha
  3000 | D:3      | Reached skill level 5 in Shields
  3019 | D:3      | Reached XP level 6. HP: 30/47 MP: 6/6
  3182 | D:4      | Reached skill level 5 in Polearms
  3858 | D:4      | Reached XP level 7. HP: 48/52 MP: 7/7
  3884 | D:4      | Reached skill level 6 in Polearms
  4270 | D:5      | Entered Level 5 of the Dungeon
  4853 | D:5      | Reached skill level 7 in Polearms
  4853 | D:5      | Reached XP level 8. HP: 51/58 MP: 8/8
  5428 | D:6      | Found a staircase to the Ecumenical Temple.
  5434 | Temple   | Entered the Ecumenical Temple
  5516 | Temple   | Became a worshipper of Warmaster Okawaru
  5560 | D:6      | Reached skill level 8 in Polearms
  5619 | D:6      | Noticed Pikel
  5647 | D:6      | Killed Pikel
  5647 | D:6      | Reached * piety under Okawaru
  5647 | D:6      | Reached skill level 9 in Polearms
  5647 | D:6      | Reached XP level 9. HP: 36/64 MP: 9/9
  6212 | D:6      | Noticed Prince Ribbit
  6229 | D:6      | Reached skill level 10 in Polearms
  6237 | D:6      | Reached ** piety under Okawaru
  6271 | D:6      | Killed Prince Ribbit
  6280 | D:6      | Found a deep blue altar of Sif Muna.
  6280 | D:6      | Found a glowing golden altar of the Shining One.
  6756 | D:7      | Found a blossoming altar of Fedhas.
  7065 | D:7      | Reached skill level 11 in Polearms
  7065 | D:7      | Reached XP level 10. HP: 51/70 MP: 10/10
  7856 | D:8      | Noticed an unseen horror
  7864 | D:8      | Killed an unseen horror
  7864 | D:8      | Reached *** piety under Okawaru
  7864 | D:8      | Reached skill level 12 in Polearms
  7972 | D:8      | Reached **** piety under Okawaru
  8036 | D:8      | Reached skill level 5 in Fighting
  8036 | D:8      | Reached skill level 5 in Armour
  8103 | D:8      | Noticed a three-headed hydra
  8124 | D:8      | Gained mutation: You have large cloven feet. [potion of
                  | mutation]
  8124 | D:8      | Gained mutation: Your system is resistant to poisons.
                  | (rPois) [potion of mutation]
  8124 | D:8      | Gained mutation: You are covered in fur. (AC +1) [potion of
                  | mutation]
  8127 | D:8      | Killed a three-headed hydra
  8127 | D:8      | Reached XP level 11. HP: 11/80 MP: 11/11
  9421 | D:9      | Reached skill level 13 in Polearms
  9649 | D:9      | Found a staircase to the Lair.
  9675 | D:9      | Killed from afar by an electric eel

Skill      XL: |  1  2  3  4  5  6  7  8  9 10 11 |
---------------+----------------------------------+-----
Shields        | 4 5 6 8 9 |  9.0
Polearms       | 3 4 5 7 9 11 12 13 | 13.0
Fighting       | 5 6 |  6.0
Armour         | 5 |  5.9

Action                   |  1- 3 |  4- 6 |  7- 9 | 10-12 || total
-------------------------+-------+-------+-------+-------++-------
Melee: Trident           |   109 |   207 |   411 |   209 ||   936
       Kick              |       |       |       |     5 ||     5
Throw: Stone             |     1 |     8 |       |       ||     9
       Tomahawk          |       |       |     3 |     9 ||    12
Invok: Heroism           |       |       |       |     3 ||     3
  Use: Potion            |       |     2 |     3 |     5 ||    10
       Scroll            |       |       |    12 |       ||    12
  Eat: Chunk             |     2 |     8 |     9 |       ||    19
       Ration            |       |       |     1 |     2 ||     3
Armor: Scale mail        |    35 |       |       |       ||    35
       Chain mail        |       |    78 |   106 |       ||   184
       Plate armour      |       |       |       |    47 ||    47
Dodge: Dodged            |    31 |    35 |    75 |    30 ||   171
Block: Shield            |    46 |    73 |   165 |    67 ||   351
